 Dungeon Crawl Stone Soup version 0.17-a0-1403-g9df874c (webtiles) character file.

245 HEYYEYAAE the Gusty (level 6, -3/48 HPs)
             Began as a Human Air Elementalist on June 20, 2015.
             Slain by a big kobold (5 damage)
             ... on level 4 of the Dungeon.
             The game lasted 00:06:50 (2849 turns).

HEYYEYAAE the Gusty (Human Air Elementalist)        Turns: 2849, Time: 00:06:50

Health: -3/48      AC:  2    Str:  9      XL:     6   Next: 32%
Magic:  0/10       EV: 18    Int: 13 (17) God:
Gold:   183        SH:  0    Dex: 18      Spells: 3 memorised, 5 levels left

rFire  . . .     SeeInvis .     e - +0 spear
rCold  . . .     Clarity  .     a - +0 robe
rNeg   . . .     SustAt   .     (no shield)
rPois  .         Gourm    .     (no helmet)
rElec  .         Spirit   .     (no cloak)
rCorr  .         Warding  .     (no gloves)
rMut   .         Stasis   .     (no boots)
MR     .....                    (no amulet)
Stlth  +++.......               (no ring)
                                (no ring)

@: agile, very slightly contaminated, repel missiles, not resistant to hostile
enchantments, fairly stealthy
A: robust 1
a: no special abilities


You were on level 4 of the Dungeon.
You were hungry.

You visited 1 branch of the dungeon, and saw 4 of its levels.

You collected 183 gold pieces.

Inventory:

Hand weapons
 e - a +0 spear (weapon)
Armour
 a - a +0 robe (worn)
 m - a +2 buckler
Jewellery
 k - an uncursed ring of fire
 w - an uncursed amulet of guardian spirit
Scrolls
 d - a scroll of recharging
 j - 4 scrolls of immolation
 n - a scroll of amnesia
Books
 b - a book of Air

   Spells                             Type                      Level
   a - Shock                          Conjuration/Air              1
   b - Swiftness                      Charms/Air                   2
   c - Repel Missiles                 Charms/Air                   2
   d - Static Discharge               Conjuration/Air              3
   e - Lightning Bolt                 Conjuration/Air              5
Comestibles
 c - 2 bread rations
 o - 2 meat rations
 p - a royal jelly
 r - a slice of pizza
 t - 2 beef jerkies


   Skills:
 + Level 1.8 Fighting
 + Level 1.5 Armour
 + Level 2.7 Dodging
 - Level 2.0 Stealth
 * Level 3.2 Spellcasting
 * Level 2.6 Conjurations
 * Level 4.0 Air Magic


You had 5 spell levels left.
You knew the following spells:

 Your Spells              Type           Power        Failure   Level  Hunger
a - Shock                 Conj/Air       ##..         8%          1    #......
b - Static Discharge      Conj/Air       ##......     17%         3    ###....
c - Repel Missiles        Chrm/Air       #.....       17%         2    ##.....


Dungeon Overview and Level Annotations

Branches:
Dungeon (4/15)
 Temple: D:4-7

Altars:
Elyvilon
Nemelex Xobeh
Okawaru
Vehumet
Xom
Zin


Innate Abilities, Weirdness & Mutations

You are robust (+10% HP).


Message History

The big kobold barely misses you.
The kobold hits the plant.
Casting: Shock
Confirm with . or Enter, or press ? or * to list all spells.
Aiming: Shock
Press: ? - help, Shift-Dir - straight line, f/p - plant
Aim: a plant (lightly damaged)
The zap misses the big kobold.
The zap hits the plant.
The plant is lightly damaged.
The big kobold hits you but does no damage.
The kobold hits something but does no damage.
Unknown command.
You hit the big kobold but do no damage.
The big kobold is moderately wounded.
The big kobold hits you.
* * * LOW HITPOINT WARNING * * *
The kobold hits the plant.
You hit the big kobold but do no damage.
The big kobold is moderately wounded.
The big kobold hits you.
You die...

# #.♣# P.##
#♣P## #.P@#
#PPK##
##KKPP## #
###.P.♣..# #
#..♣♣PPP♣# #
#♣♣.KK.P.♣ #
.P.♣P...P.♣#
#
.♣♣P.....PP#
#
♣.PK....(..#


You could see a big kobold and 4 kobolds.

Vanquished Creatures
  Jessica (D:2)
  A hound (D:4)
  2 worker ants (D:4)
  6 adders
  2 worms
  6 giant geckos
  An orc (D:3)
  2 giant cockroaches
  7 goblins
  10 hobgoblins
  2 quokkas
  5 bats
  8 giant newts
  23 kobolds
  5 rats
  4 plants (D:4)
85 creatures vanquished.

Notes
Turn   | Place    | Note
--------------------------------------------------------------
     0 | D:1      | HEYYEYAAE the Human Air Elementalist began the quest for the Orb.
     0 | D:1      | Reached XP level 1. HP: 13/13 MP: 3/3
   298 | D:1      | Reached XP level 2. HP: 19/19 MP: 0/5
   576 | D:1      | Found a sparkling altar of Nemelex Xobeh.
   853 | D:2      | Reached XP level 3. HP: 12/25 MP: 0/6
   858 | D:2      | Learned a level 3 spell: Static Discharge
   931 | D:2      | Found a shimmering altar of Xom.
   939 | D:2      | Noticed Jessica
   943 | D:2      | Killed Jessica
   943 | D:2      | Reached skill level 1 in Fighting
   943 | D:2      | Reached XP level 4. HP: 23/32 MP: 2/7
  1148 | D:2      | Found a radiant altar of Vehumet.
  1560 | D:2      | Found a white marble altar of Elyvilon.
  1584 | D:2      | Found a glowing silver altar of Zin.
  1657 | D:2      | Reached XP level 5. HP: 24/37 MP: 3/9
  1676 | D:2      | Learned a level 2 spell: Repel Missiles
  2026 | D:3      | Reached skill level 1 in Armour
  2218 | D:3      | Found an iron altar of Okawaru.
  2491 | D:4      | Reached XP level 6. HP: 15/44 MP: 3/10
  2795 | D:4      | Gained mutation: You are robust (+10% HP). [potion of beneficial mutation]
  2809 | D:4      | Reached skill level 4 in Air Magic
  2844 | D:4      | HP: 2/48 [big kobold (6)]
  2849 | D:4      | Slain by a big kobold

Vault maps used:
D:1:      lightli_arrival_boilingwater, nemelex_xobeh_ov_fountains_minmay
D:2:      elyvilon_altar_5, lemuel_doored_altar, lemuel_round_altar,
          xom_teletrap_fun, uniq_jessica
D:3:      nicolae_overflow_crystal_walls, st_stairs_11
D:4:      kennysheep_kobold_camp, first_bread

Action                   |  1- 3 |  4- 6 || total
-------------------------+-------+-------++-------
Melee: Spear             |    30 |    88 ||   118
       Unarmed           |     2 |       ||     2
 Cast: Shock             |    31 |   128 ||   159
       Static Discharge  |       |     5 ||     5
       Repel Missiles    |       |     1 ||     1
  Use: Potion            |       |     8 ||     8
       Scroll            |       |     6 ||     6
 Stab: Sleeping          |     4 |     4 ||     8
  Eat: Chunk             |       |     7 ||     7
